AoeStats
← [GG] Shevchenko 7

Marketplace

505618666Analyzed
1v1 RM · 23d ago on Sep 10, 2026· 46m 26s· 2 players
Game mode
Random Map
Map size
Tiny (2 player)
Population
200
Speed
Normal
Resources
Standard
Victory
Conquest
Starting age
Dark Age
Ending age
Imperial Age
RankedLock teamsTeams togetherTeam positionsShared explorationLock speedFull tech treeHidden civsTurbo modeCheats
Victory
Defeat
🇧🇷 Persians · Brazil
1121
+15
🇦🇺 Italians · Australia
1104
-15
chromies
7:35 Loom
11:19 Feudal Age
11:45 Horse Collar
11:51 Double-Bit Axe
16:18 Wheelbarrow
21:13 Town Watch
24:26 Gold Mining
27:20 Castle Age
28:01 Pikeman
33:19 Imperial Age
31:32 Silk Road
32:29 Heavy Plow
33:58 Elite Genoese Crossbowman
36:50 Elite Skirmisher
37:36 Thumb Ring
37:54 Fletching
39:21 Padded Archer Armor
40:50 Bodkin Arrow
41:10 Leather Archer Armor
43:07 Bracer
[GG] Shevchenko 7
8:35 Loom
10:25 Feudal Age
14:27 Scale Barding Armor
22:50 Castle Age
20:40 Double-Bit Axe
22:17 Fletching
22:28 Padded Archer Armor
23:22 Crossbowman
24:54 Bow Saw
25:29 Horse Collar
26:54 Bodkin Arrow
28:54 Kamandaran
32:33 Thumb Ring
35:14 Imperial Age
33:20 Scale Mail Armor
36:07 Leather Archer Armor
36:03 Forging
38:58 Chain Barding Armor
43:06 Chemistry
42:26 Ballistics
44:28 Wheelbarrow
44:06 Husbandry
43:27 Cavalier
Connection lost

Rejoining the realm…

Still unreachable

The connection could not be restored.

Session expired

The server has moved on; the page needs a fresh start.